 Dungeon Crawl Stone Soup version 0.29.1-2-gbd0b4ee654 (webtiles) character file.

Game seed: 12845142493514183032

89343 SolCadguy the Transmogrifier (level 15, -17/122 HPs)
             Began as a Merfolk Ice Elementalist on Nov 2, 2022.
             Was an Elder of Sif Muna.
             Demolished by Aizul (53 damage)
             ... on level 1 of the Snake Pit on Nov 3, 2022.
             The game lasted 03:17:35 (35435 turns).

SolCadguy the Transmogrifier (MfIE)                Turns: 35435, Time: 03:17:36

Health: -17/122    AC: 21    Str:  9    XL:     15   Next: 97%
Magic:  25/38      EV:  2    Int: 23    God:    Sif Muna [****..]
Gold:   1180       SH:  0    Dex: 17    Spells: 3/34 levels left

rFire   + . .      SeeInvis +     - Unarmed
rCold   . . .      Faith    .   (shield currently unavailable)
rNeg    . . .      Spirit   .   g - +0 steam dragon scales
rPois   +          Reflect  .   B - +1 helmet
rElec   .          Harm     .   h - +2 cloak {rF+}
rCorr   .          Rampage  .   (gloves currently unavailable)
Will    +....                   f - +0 pair of boots of Resilience {SInv}
Stlth   ++........              J - amulet of the acrobat
HPRegen 0.30/turn               j - ring "Xaacede" {rPois Int+2 Dex+2 SInv}
MPRegen 0.26/turn               Z - ring of magical power

@: ice-armoured, blade hands, sleeping
A: (nimble swimmer 2), mertail
a: End Transformation, Renounce Religion, Channel Magic, Forget Spell, Divine
Exegesis


You were on level 1 of the Snake Pit.
You worshipped Sif Muna.
Sif Muna was greatly pleased with you.
You had blades for hands.
You visited 5 branches of the dungeon, and saw 22 of its levels.
You also visited: Volcano.

You collected 2331 gold pieces.
You spent 1151 gold pieces at shops.

Inventory:

Hand Weapons
 p - a +0 sling of freezing
 t - a +3 falchion of electrocution (melded)
Missiles
 q - 181 stones (quivered)
 C - a throwing net
 D - 32 poisoned darts
 G - 6 atropa-tipped darts
Armour
 f - the +0 pair of boots of Resilience (worn) {SInv}
   (You acquired it on level 5 of the Lair of Beasts)

   SInv:      It lets you see invisible.
 g - +0 steam dragon scales (worn)
 h - a +2 cloak of fire resistance (worn)
 k - a +2 pair of gloves of stealth (melded)
 n - the +1 robe "Zoawk" {Fly rElec rC+ Regen+}
   (You found it on level 5 of the Lair of Beasts)

   rC:        It protects you from cold.
   rElec:     It insulates you from electricity.
   Fly:       It grants you flight.
   Regen:     It increases your rate of health regeneration.
 B - a +1 helmet (worn)
 M - a +0 buckler (melded)
 U - a +1 ring mail of poison resistance
Magical Staves
 x - a staff of cold
Jewellery
 a - a ring of wizardry
 e - a +6 ring of dexterity
 i - a +4 ring of evasion
 j - the ring "Xaacede" (left blade hand) {rPois Int+2 Dex+2 SInv}
   (You bought it in a shop on level 1 of the Snake Pit)

   [ring of poison resistance]

   Int:       It affects your intelligence (+2).
   Dex:       It affects your dexterity (+2).
   rPois:     It protects you from poison.
   SInv:      It lets you see invisible.
 m - a +6 ring of intelligence
 A - a ring of protection from fire
 J - an amulet of the acrobat (around neck)
 Z - a ring of magical power (right blade hand)
Wands
 r - a wand of charming (17)
 H - a wand of digging (4)
 N - a wand of roots (13)
 P - a wand of light (6)
 Q - a wand of flame (19)
Scrolls
 c - a scroll of fear
 d - 8 scrolls of identify
 s - 2 scrolls of butterflies
 K - 5 scrolls of teleportation
 L - a scroll of enchant armour
 V - 3 scrolls of enchant weapon
Potions
 b - 8 potions of magic
 o - 2 potions of mutation
 u - 3 potions of curing
 v - 2 potions of resistance
 z - 6 potions of brilliance
 E - a potion of cancellation
 I - 2 potions of ambrosia
 R - 3 potions of flight
Miscellaneous
 O - a piece from Xom's chessboard (15/15)
 S - a lightning rod (4/4)
 T - a phial of floods (inert)


   Skills:
 + Level 12.7 Fighting
 - Level 4.8 Long Blades
 - Level 3.1 Armour
 - Level 8.0 Dodging
 - Level 2.1 Stealth
 + Level 10.8 Unarmed Combat
 + Level 10.1 Spellcasting
 - Level 6.4 Conjurations
 + Level 9.4 Summonings
 + Level 13.6 Transmutations
 - Level 11.0 Ice Magic
 - Level 4.1 Earth Magic
 - Level 6.1 Invocations


You had 3 spell levels left.
You knew the following spells:

 Your Spells              Type           Power      Damage    Failure   Level
a - Freeze                Ice            100%       1d11      6%          1
b - Summon Cactus Giant   Summ           26%        N/A       61%         6
c - Frozen Ramparts       Ice            100%       1d16      9%          3
d - Ozocubu's Armour      Ice            58%        N/A       9%          3
e - Hailstorm             Conj/Ice       51%        3d11      19%         4
f - Wereblood             Tmut           65%        N/A       4%          2
g - Call Canine Familiar  Summ           53%        N/A       11%         3
h - Blade Hands           Tmut           32%        N/A       12%         5
i - Animate Armour        Summ/Erth      84%        N/A       26%         4

Your spell library contained the following spells:

 Spells                   Type           Power      Damage    Failure   Level
 Summon Small Mammal      Summ           100%       N/A       8%          1
 Foxfire                  Conj/Fire      100%       2x1d9     19%         1
 Shock                    Conj/Air       100%       1d9       19%         1
 Stone Arrow              Conj/Erth      72%        3d11      21%         3
 Ignite Poison            Fire/Tmut/Pois 32%        N/A       24%         3
 Conjure Flame            Conj/Fire      26%        6-21      30%         3
 Dazzling Flash           Conj/Hex       52%        N/A       30%         3
 Apportation              Tloc           22%        N/A       34%         1
 Necrotise                Necr           44%        1d6       34%         1
 Sublimation of Blood     Necr           11%        N/A       43%         2
 Confusing Touch          Hex            11%        N/A       58%         3
 Gell's Gravitas          Tloc           11%        N/A       58%         3
 Inner Flame              Hex/Fire       11%        N/A       58%         3
 Portal Projectile        Hex/Tloc       22%        N/A       58%         3
 Swiftness                Air            11%        N/A       58%         3
 Teleport Other           Tloc           11%        N/A       58%         3
 Vampiric Draining        Necr           11%        2d6       58%         3
 Petrify                  Tmut/Erth      51%        N/A       17%         4
 Iskenderun's Battlesphe  Conj           41%        2d9       47%         5
 Fulminant Prism          Conj/Hex       13%        3d9       54%         4
 Iskenderun's Mystic Bla  Conj/Tloc      26%        2d7       54%         4
 Summon Forest            Summ/Tloc      16%        N/A       65%         5
 Statue Form              Tmut/Erth      34%        N/A       65%         6
 Leda's Liquefaction      Hex/Erth       10%        N/A       67%         4
 Lee's Rapid Deconstruct  Erth           15%        3d11*     71%         5
 Fireball                 Conj/Fire      13%        3d7       80%         5
 Airstrike                Air            5%         2d(1-17)  87%         4
 Animate Dead             Necr           11%        N/A       87%         4
 Cause Fear               Hex            5%         N/A       87%         4
 Passage of Golubria      Tloc           11%        N/A       87%         4
 Iron Shot                Conj/Erth      18%        9d4       95%         6
 Monstrous Menagerie      Summ           26%        N/A       95%         7
 Summon Hydra             Summ           26%        N/A       95%         7
 Agony                    Necr           11%        N/A       98%         5
 Silence                  Hex/Air        5%         N/A       98%         5
 Conjure Ball Lightning   Conj/Air       13%        3x3d6     99%         6
 Enfeeble                 Hex            5%         N/A       100%        7
 Haunt                    Necr/Summ      16%        N/A       100%        7
 Orb of Destruction       Conj           20%        9d8       100%        7
 Storm Form               Tmut/Air       21%        N/A       100%        7
 Borgnjor's Revivificati  Necr           5%         N/A       100%        8
 Discord                  Hex            5%         N/A       100%        8
 Infestation              Necr           5%         N/A       100%        8
 Lehudib's Crystal Spear  Conj/Erth      18%        10d5      100%        8
 Maxwell's Capacitive Co  Air            5%         ∞         100%        8
 Chain Lightning          Conj/Air       13%        3d17      100%        9


Dungeon Overview and Level Annotations

Branches:
Dungeon (13/15)            Temple (1/1) D:4            Lair (5/5) D:9
 Shoals (0/4) Lair:3        Snake (1/4) Lair:2        Slime (0/5) Lair:4
    Orc (2/2) D:11            Elf (0/3) Orc:2        Vaults (0/5) D:13
Volcano (visited)

Altars:
Ashenzari
Cheibriados
Dithmenos
Elyvilon
Fedhas
Gozag
Hepliaklqana
Kikubaaqudgha
Makhleb
Nemelex Xobeh
Okawaru
Qazlal
Ru
Sif Muna
Trog
Uskayaw
Vehumet
Wu Jian
Xom
Yredelemnul
Zin
The Shining One

Shops:
D:1 [   D:2 (=[   D:12 [   Orc:1 !*   Orc:2 *=?=   Snake:1 ::=

Annotations:
D:9 3 runed translucent doors, croobank's ghost, novice DsCj
Snake:1 Aizul


Innate Abilities, Weirdness & Mutations

You have blades for hands.
Your spellcasting is less reliable in this form.
You are incapable of wielding weapons or throwing items.
((You are very nimble when in or above water. (Stealth+, EV+, Speed+++)))
Your lower body shifts to a powerful aquatic tail in water.


Message History

Aizul is moderately wounded.
Aizul hits you but does no damage.
Unknown command.
Okay, then.
You hit Aizul.
Aizul is moderately wounded.
Aizul closely misses you.
You slice Aizul!!
Aizul is heavily wounded.
Aizul hits you!
* * * LOW HITPOINT WARNING * * *
Your cactus giant hits Aizul with a +0 giant spiked club!!
You barely miss Aizul. You slash Aizul, but do no damage.
Aizul is heavily wounded.
Aizul coils herself and waves her upper body at you.
The bolt of poison hits you.
You are poisoned.
You resist.
* * * LOW HITPOINT WARNING * * *
You feel better. Aizul hits you but does no damage.
Aizul coils herself and waves her upper body at you.
The bolt of poison hits you!
You are poisoned.
You resist.
* * * LOW HITPOINT WARNING * * *
You feel better. Aizul barely misses you.
Your cactus giant hits Aizul with a +0 giant spiked club!
You slice Aizul!!
Aizul is severely wounded.
Aizul coils herself and waves her upper body at you.
The poison arrow hits you!
You are poisoned.
You partially resist.
* * * LOW HITPOINT WARNING * * *
Aizul barely misses you.
You feel better.
Aizul coils herself and waves her upper body at you.
You fall asleep.
Aizul hits you!!!
You die...

#....................##
#....^...............#
#
##..................##
# ####.######.......##
# ##.# ##.....## # #.##
.....# #..#####.....#
####.C..........#
#...S@...>..#...#
#......).....###...
#............#
#............#
#............#
#...........##
#...........#
#...........#


You could see Aizul (ally target) and a friendly cactus giant (summoned).

Vanquished Creatures
  A tengu reaver (D:13)
  A fire giant (D:10)
  A deep elf demonologist (D:13)
  A dire elephant (Lair:5)
  Snorg (Orc:2)
  A fire dragon (Volcano)
  3 boulder beetles
  6 hydras
  3 centaur warriors
  3 ogre magi
  10 two-headed ogres
  A deep troll shaman (Lair:5)
  A tengu warrior (D:13)
  3 orc high priests (Orc:2)
  A death yak (Lair:5)
  A deep elf knight (D:13)
  A skeletal warrior (D:13)
  5 lindwurms
  6 deep elf pyromancers
  A wizard (D:13)
  3 deep elf zephyrmancers (D:13)
  2 orc sorcerers
  2 orc knights
  A salamander (Snake:1)
  3 cyclopes
  3 manticores
  9 black mambas
  17 elephants
  2 nameless horrors
  A naga mage (Snake:1)
  3 unseen horrors
  10 cane toads
  A torpor snail (Lair:4)
  A smoke demon (Volcano)
  2 gargoyles
  3 rime drakes
  2 centaur skeletons (D:13)
  7 komodo dragons
  5 tengu conjurers (D:13)
  6 kobold demonologists
  5 trolls
  2 polar bears (Lair:5)
  16 blink frogs
  Prince Ribbit (D:5)
  9 dream sheep (Lair:4)
  Sigmund (D:2)
  43 yaks
  A wraith (D:11)
  3 shadows
  4 basilisks
  10 wyverns
  2 steam dragons (Volcano)
  4 vampire mosquitoes
  3 wargs (Orc:2)
  9 water moccasins
  5 nagas
  2 acid dragons
  A swamp drake (D:9)
  2 black bears
  16 orc warriors
  2 sky beasts (D:6)
  7 centaurs
  9 ogres
  7 wolves
  A phantom (D:4)
  2 kobold brigands
  A necrophage (D:7)
  18 bullfrogs
  A gnoll sergeant (D:11)
  2 scorpions
  A killer bee (D:10)
  3 electric eels (D:10)
  6 howler monkeys
  4 jellies
  22 orc priests
  3 hounds
  Jessica (D:3)
  A gnoll bouda (D:4)
  7 iguanas
  26 orc wizards
  A boggart simulacrum (D:11)
  Robin (D:4)
  17 gnolls
  7 adders
  A shadow imp (D:5)
  2 white imps
  2 ufetubi (D:6)
  A worm (D:2)
  4 dart slugs
  70 orcs
  5 ball pythons
  6 endoplasms
  6 giant cockroaches
  13 goblins
  12 hobgoblins
  4 jackals
  2 quokkas
  6 bats
  2 frilled lizards
  10 kobolds
  8 rats
577 creatures vanquished.

Vanquished Creatures (collateral kills)
  The ghost of Icepheonix32 the Fighter, a journeyman MiFi of Okawaru (D:12)
  A catoblepas (Lair:5)
  3 death yaks (Lair:5)
  A tengu warrior (D:13)
  An orc high priest (Orc:2)
  An orc knight (Orc:2)
  A deep elf zephyrmancer (D:13)
  A cyclops (D:12)
  A black mamba (Snake:1)
  An elephant (D:9)
  2 cane toads
  2 centaur skeletons (D:13)
  A komodo dragon (Lair:3)
  2 trolls
  A tengu conjurer (D:13)
  A blink frog (Lair:4)
  A yak (Lair:3)
  A water moccasin (Lair:3)
  3 orc warriors
  An ogre (D:13)
  4 orc priests (Orc:2)
  5 orc wizards
  8 orcs
44 creatures vanquished.

Vanquished Creatures (others)
  29 fungi
  36 plants
65 creatures vanquished.

Grand Total: 686 creatures vanquished

Notes
Turn   | Place    | Note
-------+----------+-------------------------------------------
     0 | D:1      | SolCadguy the Merfolk Ice Elementalist began the quest for
                  | the Orb.
     0 | D:1      | Reached XP level 1. HP: 13/13 MP: 3/3
   301 | D:1      | Found Gyenacse's Antique Armour Shop.
   367 | D:1      | Reached XP level 2. HP: 15/19 MP: 1/5
   639 | D:1      | Reached skill level 5 in Ice Magic
   677 | D:1      | Found a faded altar of an unknown god.
   801 | D:1      | Learned a level 1 spell: Shock
   921 | D:1      | Reached XP level 3. HP: 24/24 MP: 2/6
   996 | D:1      | Learned a level 3 spell: Frozen Ramparts
  1285 | D:2      | Found Ampialov's Weapon Shoppe.
  1479 | D:2      | Found Jauzaxiur's Jewellery Boutique.
  1529 | D:2      | Reached XP level 4. HP: 26/30 MP: 3/7
  2124 | D:2      | Learned a level 3 spell: Ozocubu's Armour
  2213 | D:2      | Noticed Sigmund
  2308 | D:3      | Noticed Jessica
  2311 | D:3      | Killed Jessica
  2312 | D:3      | Reached XP level 5. HP: 35/35 MP: 9/9
  3742 | D:4      | Found a staircase to the Ecumenical Temple.
  3767 | D:4      | Reached skill level 1 in Conjurations
  3767 | D:4      | Reached XP level 6. HP: 38/41 MP: 5/10
  3776 | Temple   | Entered the Ecumenical Temple
  4179 | Temple   | Became a worshipper of Elyvilon the Healer
  4612 | D:4      | Noticed Robin
  4627 | D:4      | Killed Robin
  4933 | D:4      | Reached XP level 7. HP: 41/46 MP: 7/11
  5183 | D:5      | Entered Level 5 of the Dungeon
  5198 | D:5      | Noticed Prince Ribbit
  5909 | D:5      | Learned a level 4 spell: Hailstorm
  6235 | D:5      | Reached XP level 8. HP: 48/52 MP: 5/12
  6319 | D:5      | Reached * piety under Elyvilon
  6419 | D:5      | Killed Prince Ribbit
  7239 | D:2      | Killed Sigmund
  7423 | D:2      | Found Rotrij's Antique Armour Shoppe.
  7959 | D:6      | Reached XP level 9. HP: 65/65 MP: 15/15
  8334 | D:6      | Reached skill level 1 in Invocations
  8639 | D:6      | Reached ** piety under Elyvilon
  9386 | D:7      | Found an opulent altar of Gozag.
  9647 | D:7      | Reached skill level 10 in Ice Magic
 10103 | D:7      | Reached *** piety under Elyvilon
 10635 | D:8      | Reached skill level 5 in Fighting
 10635 | D:8      | Reached skill level 5 in Dodging
 10843 | D:8      | Reached skill level 5 in Spellcasting
 11307 | D:8      | Reached **** piety under Elyvilon
 11655 | D:9      | Reached XP level 10. HP: 21/76 MP: 3/18
 11951 | D:9      | Reached skill level 5 in Conjurations
 11980 | D:9      | Found a runed translucent gate.
 11980 | D:9      | Found a runed translucent gate.
 11980 | D:9      | Found a runed translucent gate.
 11982 | D:9      | Found an opulent altar of Gozag.
 11983 | D:9      | Noticed a manticore
 11984 | D:9      | Noticed a deep elf archer
 11985 | D:9      | Noticed a manticore
 11985 | D:9      | Noticed croobank's ghost (novice DsCj)
 12063 | D:9      | Learned a level 2 spell: Wereblood
 12119 | D:9      | Reached skill level 1 in Transmutations
 12419 | D:9      | Reached skill level 1 in Long Blades
 12419 | D:9      | Reached skill level 2 in Transmutations
 12934 | D:9      | Reached skill level 1 in Armour
 12944 | D:9      | Reached skill level 3 in Transmutations
 13199 | D:9      | Reached skill level 5 in Invocations
 13252 | D:9      | Found a staircase to the Lair.
 13381 | D:10     | Entered Level 10 of the Dungeon
 13482 | D:10     | Noticed a two-headed ogre
 13488 | D:10     | Killed a two-headed ogre
 13489 | D:10     | Reached skill level 4 in Transmutations
 13882 | D:10     | Noticed a fire giant
 13955 | D:10     | Identified the +1 leather armour "Dog Rorch" {Dex+4}
 14037 | D:10     | Elyvilon protects you from harm!
 14040 | D:10     | Killed a fire giant
 14041 | D:10     | Reached skill level 5 in Transmutations
 14041 | D:10     | Reached XP level 11. HP: 32/81 MP: 0/19
 14432 | D:10     | Found a sacrificial altar of Ru.
 14436 | D:10     | Found a shimmering blue altar of Sif Muna.
 14450 | D:10     | Fell from the grace of Elyvilon
 14450 | D:10     | Became a worshipper of Sif Muna the Loreminder
 14486 | D:10     | Noticed a two-headed ogre
 14504 | D:10     | Killed a two-headed ogre
 14505 | D:10     | Reached skill level 6 in Transmutations
 14750 | D:11     | Noticed a centaur warrior
 14753 | D:11     | Noticed a seven-headed hydra
 14782 | D:11     | Noticed a two-headed ogre
 14782 | D:11     | Noticed a boulder beetle
 14840 | D:11     | Found a staircase to the Orcish Mines.
 15251 | D:10     | Learned a level 3 spell: Call Canine Familiar
 15414 | Lair:1   | Entered Level 1 of the Lair of Beasts
 15602 | D:9      | Reached skill level 1 in Summonings
 15716 | D:9      | Reached skill level 7 in Transmutations
 15873 | Lair:1   | Reached * piety under Sif Muna
 16474 | Lair:1   | Reached skill level 8 in Transmutations
 16538 | Lair:1   | Found a shimmering blue altar of Sif Muna.
 16639 | Lair:1   | Reached XP level 12. HP: 83/92 MP: 14/22
 16932 | Lair:1   | Learned a level 5 spell: Blade Hands
 17508 | Lair:2   | Found a staircase to the Snake Pit.
 17991 | Lair:2   | Reached skill level 5 in Summonings
 18392 | Lair:2   | Reached ** piety under Sif Muna
 19122 | Lair:3   | Reached skill level 1 in Unarmed Combat
 19665 | Lair:3   | Reached XP level 13. HP: 64/103 MP: 25/25
 19845 | Lair:3   | Reached skill level 10 in Fighting
 19889 | Lair:3   | Reached skill level 9 in Transmutations
 20091 | Lair:3   | Found a staircase to the Shoals.
 20469 | Lair:4   | Reached *** piety under Sif Muna
 20984 | Lair:4   | Found a staircase to the Slime Pits.
 20989 | Lair:4   | Identified the +5 whip "Pitirisio" {elec, Int+5 Stlth+}
 21299 | Lair:5   | Entered Level 5 of the Lair of Beasts
 21320 | Lair:5   | Reached skill level 10 in Transmutations
 21408 | Lair:5   | Reached skill level 5 in Unarmed Combat
 21554 | Lair:5   | Found a dark tunnel.
 21575 | Volcano  | Entered a volcano
 21824 | Volcano  | Reached **** piety under Sif Muna
 21949 | Volcano  | Noticed a fire dragon
 21949 | Volcano  | Found the +2 cloak of the Thief {*Fog Slay-2 SInv Stlth+}
 22166 | Volcano  | Killed a fire dragon
 22349 | Lair:5   | Reached XP level 14. HP: 82/113 MP: 10/27
 23076 | Lair:5   | Reached skill level 11 in Transmutations
 23508 | Lair:5   | Noticed a dire elephant
 24152 | Lair:4   | Learned a level 4 spell: Animate Armour
 24393 | Lair:5   | Identified the +1 robe "Zoawk" {Fly rElec rC+ Regen+}
 24588 | Lair:5   | Killed a dire elephant
 25235 | Lair:5   | Identified a scroll of acquirement
 25235 | Lair:5   | Acquired the +0 pair of boots of Resilience {SInv}
 25648 | D:11     | Reached skill level 10 in Spellcasting
 26190 | D:11     | Reached skill level 1 in Earth Magic
 27373 | D:12     | Found a blossoming altar of Fedhas.
 27421 | D:12     | Reached ***** piety under Sif Muna
 27914 | D:12     | Found a gate leading to a gauntlet.
 28018 | D:12     | Found Nexielyq's Armour Shoppe.
 28107 | D:12     | Found a large runed translucent door.
 28107 | D:12     | Found a large runed translucent door.
 28109 | D:12     | Noticed Icepheonix32's ghost (journeyman MiFi)
 28131 | D:12     | Killed Icepheonix32's ghost
 28323 | D:13     | Found a white marble altar of Elyvilon.
 28369 | D:13     | Received a gift from Sif Muna
 28370 | D:13     | Reached XP level 15. HP: 73/120 MP: 3/29
 28372 | D:13     | Got Capeuq's Exposition on Sculpting {god gift}
 28507 | D:12     | Learned a level 4 spell: Petrify
 29421 | D:2      | Bought a runed orb for 240 gold pieces
 29634 | Orc:1    | Entered Level 1 of the Orcish Mines
 29728 | Orc:1    | Found Pamane's Gadget Gallery.
 29893 | Orc:2    | Entered Level 2 of the Orcish Mines
 29894 | Orc:2    | Noticed Snorg
 29900 | Orc:2    | Killed Snorg
 30599 | Orc:2    | Received a gift from Sif Muna
 30668 | Orc:2    | Found a staircase to the Elven Halls.
 30934 | Orc:2    | Reached skill level 12 in Transmutations
 30972 | Orc:1    | Found Herir's Distillery.
 31060 | Orc:1    | Bought a potion of berserk rage for 70 gold pieces
 31781 | Orc:2    | Found Sidgheod's Jewellery Shoppe.
 31781 | Orc:2    | Found Tanyled's Jewellery Emporium.
 31782 | Orc:2    | Found Rucoc's Assorted Antiques.
 31786 | Orc:2    | Found Ygetakho's Magic Scroll Shoppe.
 31950 | Orc:2    | Bought a pair of runed gloves for 247 gold pieces
 32478 | D:13     | Reached skill level 10 in Unarmed Combat
 33002 | D:13     | Reached skill level 13 in Transmutations
 33143 | D:13     | Got Sif Muna's Tome of Productive Superposition
 33155 | D:13     | Learned a level 6 spell: Summon Cactus Giant
 33203 | D:13     | Got the Excursus on Iron Blasting
 33463 | D:13     | Found a shimmering blue altar of Sif Muna.
 33501 | D:13     | Noticed a tengu reaver
 33821 | D:13     | Killed a tengu reaver
 34142 | D:13     | Found a gate to the Vaults.
 34320 | D:13     | Got the Encyclopedia of the Tesseract
 34352 | D:13     | Got the Quarto of Enchantment
 34354 | D:13     | Got the Codex of the Dusty Lungs
 34375 | D:13     | Got Sepoom's Monograph on Left-Handed Rituals
 34377 | D:13     | Got Xehoa's Lectures on Feathery Fire
 34527 | D:13     | Identified the +6 battleaxe of Amuchump {spect, Dex+4}
 35008 | Snake:1  | Entered Level 1 of the Snake Pit
 35301 | Snake:1  | Found Gosijicw's Jewellery Emporium.
 35301 | Snake:1  | Found Horronug's Book Shop.
 35302 | Snake:1  | Found Afawkym's Book Shop.
 35309 | Snake:1  | Bought the ring "Xaacede" {rPois Int+2 Dex+2 SInv} for 594
                  | gold pieces
 35413 | Snake:1  | Noticed Aizul
 35435 | Snake:1  | Demolished by Aizul

Illustrated notes

Levels and vault maps discovered:
D:1:      elethiomel_arrival_infinity_welcomes_careful_drivers, layout_basic,
          hellmonk_ecumenical_altar_blasted, serial_shops,
          nicolae_shop_waterfront
D:2:      layout_basic, serial_shops,
          nicolae_shop_temple_entry_statues_fountains,
          nicolae_shop_advertising_works [nicolae_subvault_shop_adworks], shop,
          chequers_hall_statues_corner_a, uniq_sigmund
D:3:      minmay_chambers_of_threes, layout_basic, uniq_jessica
D:4:      kennysheep_six_static_rooms, layout_cave_pools, temple_green,
          uniq_robin
D:5:      layout_basic, uniq_prince_ribbit1
D:6:      layout_cave_pods
D:7:      layout_basic, mainiacjoe_overflow_surrounded_room
D:8:      layout_gridville
D:9:      layout_irregular_city, erik_lair_dragon, ebering_ghost_gozag
D:10:     layout_irregular_city, nicolae_overflow_squiral,
          kennysheep_island_fort
D:11:     cheibrodos_fzero, layout_loops_ring, david_orc_3, dk_noncrumbling_3
D:12:     layout_basic, gauntlet_entry_generic, ebering_ghost_disaster_area,
          serial_shops, shop, fedhas_altar_3
D:13:     evilmike_library_of_no_secrets, layout_rooms,
          hangedman_vaults_entry_quadrant_bands, elyvilon_altar_5
Temple:   hellmonk_temple_of_storms
Lair:1:   layout_regular_city, basic_altar, st_stairs_10, grunt_megastairs_1
Lair:2:   layout_chaotic_city, minmay_snake_entry_guardpost_small,
          infiniplex_staircase_pool_2
Lair:3:   layout_concentric_octagons, shoals_dummy_entry, st_stairs_8,
          chequers_serial_rivers_large_a, beast_lair_carwin_4
Lair:4:   layout_misc_corridors, slime_entry_1
Lair:5:   grunt_lair_end_beastmaster, layout_small_grid,
          nicolae_volcano_entry_hallway, serial_bayou_shore_a
Snake:1:  layout_cave_pods, nicolae_snake_linked_coils, minmay_shop_grove,
          uniq_aizul
Orc:1:    layout_caves, serial_shops, shop, basic_altar, nicolae_shop_gadgets
Orc:2:    st_orc_mages, layout_diamond_mine, basic_altar, uniq_snorg

Skill      XL: |  1  2  3  4  5  6  7  8  9 10 11 12 13 14 15 |
---------------+----------------------------------------------+-----
Ice Magic      | 5 6 8 9 10 11 | 11.0
Spellcasting   | 3 4 5 6 8 9 10 | 10.1
Conjurations   | 1 3 4 6 |  6.4
Fighting       | 3 5 6 8 9 11 12 | 12.7
Dodging        | 3 5 7 8 |  8.0
Invocations    | 3 5 6 |  6.1
Transmutations | 5 8 10 11 13 | 13.6
Long Blades    | 4 |  4.8
Armour         | 2 3 |  3.1
Summonings     | 3 6 8 9 |  9.4
Unarmed Combat | 2 5 7 10 | 10.8
Earth Magic    | 2 4 |  4.1
Stealth        | |  2.1

Action                   |  1- 3 |  4- 6 |  7- 9 | 10-12 | 13-15 || total
-------------------------+-------+-------+-------+-------+-------++-------
Melee: Unarmed           |     4 |       |       |    17 |   515 ||   536
       Short sword       |    10 |     2 |       |       |       ||    12
       Falchion          |       |    33 |    56 |   225 |   208 ||   522
       Punch             |       |       |     2 |     7 |    57 ||    66
       Tailslap          |       |       |       |     1 |     4 ||     5
 Fire: Sling             |       |    84 |   147 |    90 |    30 ||   351
Throw: Stone             |       |     2 |       |     2 |     1 ||     5
 Cast: Freeze            |    23 |    36 |    34 |    43 |    32 ||   168
       Shock             |     2 |     4 |       |     2 |     2 ||    10
       Frozen Ramparts   |     2 |    20 |    31 |    42 |    57 ||   152
       Ozocubu's Armour  |       |     3 |    21 |    39 |    63 ||   126
       Hailstorm         |       |       |    12 |    65 |    71 ||   148
       Call Canine Famil |       |       |       |    18 |    43 ||    61
       Wereblood         |       |       |       |     4 |    17 ||    21
       Blade Hands       |       |       |       |     2 |    61 ||    63
       Animate Armour    |       |       |       |       |    36 ||    36
       Summon Cactus Gia |       |       |       |       |     4 ||     4
Invok: Heal Other        |       |       |     2 |     1 |       ||     3
       Heal Self         |       |       |     1 |       |       ||     1
       Forget Spell      |       |       |       |       |     1 ||     1
 Abil: End Transformatio |       |       |       |       |    14 ||    14
Evoke: Wand              |       |       |     1 |     7 |     6 ||    14
       Phial of floods   |       |       |       |     1 |     1 ||     2
  Use: Potion            |       |     3 |       |     9 |    13 ||    25
       Scroll            |       |     2 |       |    11 |    17 ||    30
 Stab: Sleeping          |       |       |     1 |       |     5 ||     6
       Distracted        |       |       |       |     2 |     1 ||     3
       Invisible         |       |       |       |     1 |     1 ||     2
       Petrified         |       |       |       |       |     4 ||     4
Armor: Robe              |     5 |     8 |    34 |     4 |    14 ||    65
       Troll leather arm |       |       |       |   145 |    59 ||   204
       Steam dragon scal |       |       |       |       |   270 ||   270
       Acid dragon scale |       |       |       |       |    32 ||    32
       Skin              |       |       |       |       |     5 ||     5
       Scale mail        |       |       |       |       |     2 ||     2
       Ring mail         |       |       |       |       |     7 ||     7
Dodge: Dodged            |    17 |    42 |    79 |   379 |   811 ||  1328
Block: Buckler           |       |       |       |       |     2 ||     2
